 Dungeon Crawl Stone Soup version bcrawl-1.20.1-3-gdcb1fc31ed (webtiles) character file.

Game seed: 11074481077788722971

23 Freyura the Sneak (level 2, -1/26 HPs)
             Began as a Naga Sloth Apostle on Jan 28, 2020.
             Was an Initiate of Cheibriados.
             Slain by a hound (3 damage)
             ... on level 2 of the Dungeon.
             The game lasted 00:03:19 (1273 turns).

Freyura the Sneak (Naga Sloth Apostle)              Turns: 1273, Time: 00:03:20

Health: -1/26      AC:  3    Str: 15    XL:     2   Next: 95%
Magic:  3/3        EV:  5    Int: 17    God:    Cheibriados [......]
Gold:   93         SH:  7    Dex: 11    Spells: 2/3 levels left

rFire    . . .     SeeInvis +   a - +0 mace
rCold    . . .     Gourm    .   c - +0 shield
rNeg     . . .     Faith    .   j - +0 ring mail
rPois    +         Spirit   .   (no helmet)
rElec    .         Reflect  .   (no cloak)
rCorr    .         Harm     .   (no gloves)
MR       .....     Rnd*Tele +   (no barding)
Stlth    ++........             (no amulet)
HPRegen  0.08/turn              f - ring of teleportation (curse)
MPRegen  0.08/turn              g - +4 ring of intelligence

@: invisible, very slow
A: large, see invisible, deformed body, poison resistance, slowness 2, slow
metabolism 1, spit poison 1, AC +0
a: Spit Poison, Bend Time, Renounce Religion


You were on level 2 of the Dungeon.
You worshipped Cheibriados.
Cheibriados was noncommittal.
You were not hungry.

You visited 1 branch of the dungeon, and saw 2 of its levels.

You collected 93 gold pieces.

Inventory:

Hand Weapons
 a - a +0 mace (weapon)
Armour
 b - a +0 robe
 c - a +0 shield (worn)
 j - a +0 ring mail (worn)
Jewellery
 f - a cursed ring of teleportation (left hand)
 g - a +4 ring of intelligence (right hand)
Wands
 d - a wand of paralysis (10)
Scrolls
 l - 2 scrolls of fog {unknown}
 m - a scroll of remove curse {unknown}
Potions
 i - 3 potions of curing
 n - a potion of resistance {unknown}
Comestibles
 e - a ration {!d}


   Skills:
 + Level 2.2 Fighting
 * Level 2.5 Maces & Flails
 + Level 0.3 Armour
 + Level 5.0 Stealth
 + Level 1.7 Shields
 - Level 1.0 Spellcasting
 - Level 1.0 Hexes
 + Level 0.7 Invocations
 - Level 1.0 Evocations


You had 2 spell levels left.
You knew the following spells:

 Your Spells              Type           Power        Failure   Level  Hunger
a - Slow                  Hex            #.......     80%         1    ##.....
Your spell library was empty.

Dungeon Overview and Level Annotations

Branches:
Dungeon (2/12)

Altars:


Innate Abilities, Weirdness & Mutations

You cannot wear boots.
Your serpentine skin is tough. (AC +0)
You have supernaturally acute eyesight. (SInv)
Armour fits poorly on your strangely shaped body.
Your system is resistant to poisons. (rPois)
You cover ground very slowly.
You have a slow metabolism.
You can spit poison.


Message History

The hound bites you. You block the hound's attack.
Your ring mail prevents you from hitting the hound.
The hound is heavily wounded.
The hound barely misses you.
A goblin comes into view.
The hound bites you but does no damage.
You closely miss the hound.
The hound is heavily wounded.
The hound bites you.
* * * LOW HITPOINT WARNING * * *
You block the hound's attack.
You hit the hound but do no damage.
The hound is heavily wounded.
The hound bites you.
* * * LOW HITPOINT WARNING * * *
The hound bites you but does no damage.
It was a potion of invisibility.
You fade into invisibility!
The hound bites you.
You die...

... ...
... #.#
#h# #K#
#h# #@#
#.#
#.##
#..####
#.>..<#
#...#.#
##....#
#.#รท##
#.#.#


You could see a hound, a jackal and a kobold.

Vanquished Creatures
  2 leopard geckos (D:1)
  2 bats (D:1)
  A giant cockroach (D:1)
  2 goblins
  2 hobgoblins (D:1)
  A jackal (D:1)
  4 kobolds (D:1)
  A frilled lizard (D:1)
  2 rats (D:1)
17 creatures vanquished.

Notes
Turn   | Place    | Note
-------+----------+-------------------------------------------
     0 | D:1      | Freyura the Naga Sloth Apostle began the quest for the Orb.
     0 | D:1      | Reached XP level 1. HP: 19/19 MP: 2/2
   358 | D:1      | Reached XP level 2. HP: 23/26 MP: 3/3
   424 | D:1      | Reached skill level 5 in Stealth
  1273 | D:2      | Slain by a hound

Skill      XL: |  1  2 |
---------------+-------+-----
Stealth        | 5 |  5.0
Fighting       | |  2.2
Maces & Flails | |  2.5
Armour         | |  0.3
Shields        | |  1.7
Spellcasting   | |  1.0
Hexes          | |  1.0
Invocations    | |  0.7
Evocations     | |  1.0

Action                   || total
-------------------------++-------
Melee: Mace              ||    65
  Use: Scroll            ||     1
       Potion            ||     1
 Stab: Sleeping          ||     3
  Eat: Chunk             ||     1
Armor: Ring mail         ||    22
Dodge: Dodged            ||    19
Block: Shield            ||    26
